 Dungeon Crawl Stone Soup version 0.17.1-2-g5865329 (webtiles) character file.

184 pipel the Chopper (level 5, -6/45 HPs)
             Began as a Minotaur Gladiator on Feb 6, 2016.
             Was a Follower of Cheibriados.
             Mangled by Agathe's ghost (8 damage)
             ... on level 5 of the Dungeon.
             The game lasted 00:02:53 (1404 turns).

pipel the Chopper (Minotaur Gladiator)              Turns: 1404, Time: 00:02:54

Health: -6/45      AC:  5    Str: 22    XL:     5   Next: 36%
Magic:  4/5        EV: 14    Int:  7    God:    Cheibriados [*.....]
Gold:   85         SH:  0    Dex: 13    Spells: 0 memorised, 4 levels left

rFire  . . .     SeeInvis .     a - +0 war axe
rCold  . . .     Clarity  .     b - +0 leather armour
rNeg   . . .     SustAt   .     (no shield)
rPois  .         Gourm    .     c - +0 hat
rElec  .         Spirit   .     (no cloak)
rCorr  .         Warding  .     (no gloves)
rMut   .         Rnd*Tele +     (no boots)
MR     .....                    (no amulet)
Stlth  +.........               u - +2 ring of protection
                                i - ring of teleportation (curse)

@: flying, very slow, not resistant to hostile enchantments, very unstealthy
A: retaliatory headbutt, horns 2
a: Bend Time, Renounce Religion, Evoke Teleportation


You were on level 5 of the Dungeon.
You worshipped Cheibriados.
Cheibriados was aware of your devotion.
You were not hungry.

You visited 1 branch of the dungeon, and saw 5 of its levels.

You collected 85 gold pieces.

Inventory:

Hand Weapons
 a - a +0 war axe (weapon)
Missiles
 d - a throwing net (quivered)
 l - 4 tomahawks of dispersal
 m - 50 stones
 B - 3 tomahawks
 C - 2 needles of confusion
Armour
 b - a +0 leather armour (worn)
 c - a +0 hat (worn)
Jewellery
 i - a cursed ring of teleportation (left hand)
 u - a +2 ring of protection (right hand)
Wands
 E - a wand of cold (5)
Scrolls
 f - a scroll of enchant weapon {unknown}
 g - a scroll of teleportation {unknown}
 j - a scroll of remove curse {unknown}
 r - 2 scrolls of noise {unknown}
 s - a scroll of identify {unknown}
 t - a scroll of enchant armour {unknown}
 v - a scroll of random uselessness {unknown}
 w - a scroll of amnesia {unknown}
 y - a scroll of recharging {unknown}
 D - a scroll of fear {unknown}
Potions
 n - a potion of heal wounds {unknown}
 o - a potion of brilliance {unknown}
 p - a potion of beneficial mutation {unknown}
 q - 2 potions of resistance {unknown}
 z - a potion of agility {unknown}
 A - a potion of poison {unknown}
Comestibles
 e - 3 bread rations
 h - a meat ration
 x - a chunk of flesh


   Skills:
 + Level 3.3 Fighting
 + Level 4.7 Axes
 + Level 2.1 Throwing
 + Level 2.0 Armour
 + Level 4.6 Dodging
 + Level 0.1 Stealth
 * Level 1.5 Evocations


You had 4 spell levels left.
You didn't know any spells.

Dungeon Overview and Level Annotations

Branches:
Dungeon (5/15)
 Temple: D:4-7

Altars:
Cheibriados
Makhleb

Annotations:
D:3 Ijyb
D:5 Agathe's ghost, novice FoFi


Innate Abilities, Weirdness & Mutations

You reflexively headbutt those who attack you in melee.
You have a pair of horns on your head.


Message History

You slash Agathe's ghost! Your headbutt misses Agathe's ghost.
Agathe's ghost is severely damaged.
Agathe's ghost hits you.
* * * LOW HITPOINT WARNING * * *
Agathe's ghost closely misses you. You furiously retaliate!
You headbutt Agathe's ghost! You hit Agathe's ghost.
You headbutt Agathe's ghost, but do no damage.
Agathe's ghost is almost destroyed.
Agathe's ghost misses you.
You hit Agathe's ghost but do no damage.
You headbutt Agathe's ghost, but do no damage.
Agathe's ghost is almost destroyed.
Agathe's ghost hits you!
* * * LOW HITPOINT WARNING * * *
Drink which item? (? for menu, Esc to quit)
It was a potion of flight.
You feel very buoyant.
You fly up into the air.
Agathe's ghost hits you!
You die...

#.# #<#
########.##
#.........#
#.######### #.#
##.####
#.....#.####
#...@W(.....
........†.(....
#.##..##.......
.. .....
.......
##.....#
...#### ###....
.### ###. ##


You could see Agathe's ghost.

Vanquished Creatures
  A hound (D:3)
  A worker ant (D:5)
  Robin (D:3)
  4 adders
  2 oozes
  3 worms (D:2)
  A giant gecko (D:1)
  A ball python (D:1)
  5 bats
  7 giant cockroaches
  15 goblins
  7 hobgoblins
  6 jackals
  4 giant newts
  5 kobolds
  6 rats (D:1)
69 creatures vanquished.

Notes
Turn   | Place    | Note
--------------------------------------------------------------
     0 | D:1      | pipel the Minotaur Gladiator began the quest for the Orb.
     0 | D:1      | Reached XP level 1. HP: 18/18 MP: 0/0
    82 | D:1      | Reached skill level 4 in Axes
   157 | D:1      | Reached XP level 2. HP: 15/25 MP: 1/1
   878 | D:2      | Reached XP level 3. HP: 30/30 MP: 2/2
  1127 | D:2      | Reached XP level 4. HP: 35/38 MP: 3/3
  1208 | D:3      | Found a snail-covered altar of Cheibriados.
  1208 | D:3      | Noticed Ijyb
  1213 | D:3      | Became a worshipper of Cheibriados the Contemplative
  1245 | D:3      | Noticed Robin
  1249 | D:3      | Reached skill level 1 in Evocations
  1253 | D:3      | Killed Robin
  1285 | D:3      | Reached skill level 1 in Armour
  1285 | D:3      | Reached XP level 5. HP: 24/45 MP: 4/4
  1288 | D:3      | Reached * piety under Cheibriados
  1297 | D:3      | Found a burning altar of Makhleb.
  1373 | D:5      | Entered Level 5 of the Dungeon
  1389 | D:5      | Noticed Agathe's ghost (novice FoFi)
  1403 | D:5      | HP: 2/45 [Agathe's ghost (8)]
  1404 | D:5      | Mangled by Agathe's ghost

Action                   |  1- 3 |  4- 6 || total
-------------------------+-------+-------++-------
Melee: War axe           |    73 |    44 ||   117
Throw: Throwing net      |       |     2 ||     2
  Use: Potion            |       |     1 ||     1
 Stab: Sleeping          |       |     2 ||     2
  Eat: Chunk             |     1 |     1 ||     2
